Map: Triton LE

Players

Obsirver - Winner!

  • Race: Protoss Protoss
  • League: Master
  • Spawn Location: 11:00

Toperoco

  • Race: Terran Terran
  • League: Master
  • Spawn Location: 5:00

VOD

Have the link to the VOD?

Description

Time

  • Played on: Feb. 1, 2020, 2:10 p.m.
  • Length: 8:09
Show
View Real Time Build Order
Export as new Build Order

Obsirver Protoss - Winner!

Build Orders: 1 Gate Expand 

Get SALT Encoding   

  12  0:01  Probe  
  13  0:13  Probe  
  14  0:17  Pylon  
  14  0:25  Probe (Chrono Boost)  
  15  0:37  Probe (Chrono Boost)  
  15  0:40  Pylon  
  16  0:46  Probe (Chrono Boost)  
  16  0:47  Assimilator  
  17  0:51  Probe  
  18  0:59  Gateway  
  18  1:03  Probe  
  19  1:15  Probe  
  20  1:34  Nexus  
  20  1:44  Zealot (Chrono Boost)  
  22  1:50  Cybernetics Core  
  22  1:54  Probe  
  22  1:57  Assimilator  
  23  2:06  Probe  
  24  2:18  Probe  
  25  2:27  Stalker (Chrono Boost)  
  25  2:36  Warp Gate  
  27  2:42  Probe  
  28  2:56  Probe x2  
  29  3:08  Probe (Chrono Boost)  
  31  3:12  Probe (Chrono Boost)  
  31  3:15  Twilight Council  
  31  3:17  Robotics Facility  
  31  3:19  Probe (Chrono Boost)  
  32  3:21  Pylon  
  32  3:23  Probe (Chrono Boost)  
  32  3:24  Probe (Chrono Boost)  
  34  3:32  Probe  
  35  3:35  Probe  
  36  3:44  Probe  
  36  3:47  Probe  
  38  3:54  Charge  
  36  3:57  Probe  
  36  3:58  Gateway  
  36  3:59  Probe  
  36  4:00  Warp Prism (Chrono Boost), Gateway  
  38  4:07  Gateway  
  38  4:09  Probe  
  41  4:12  Gateway  
  41  4:13  Probe  
  42  4:22  Gateway  
  42  4:26  Gateway  
  42  4:31  Warp Prism (Chrono Boost)  
  42  4:48  Stalker  
  42  4:57  Warp Prism (Chrono Boost)  
  42  5:04  Gateway  
  44  5:08  Pylon  
  44  5:13  Pylon  
  44  5:14  Zealot  
  44  5:15  Zealot x3  
  52  5:22  Zealot  
  52  5:27  Zealot x2  
  58  5:37  Zealot  
  60  5:43  Stalker  
  60  5:45  Stalker  
  60  5:46  Warp Prism  
  60  5:49  Blink (Chrono Boost)  
  56  6:19  Zealot x8  
  64  6:39  Stalker x5  
  52  7:09  Zealot  
  52  7:10  Zealot x7  
  56  7:30  Zealot  
  56  7:31  Zealot x2  
  56  7:32  Stalker x4  
  52  7:44  Zealot  
  48  8:00  Zealot  
  48  8:01  Zealot x2  
  48  8:02  Stalker x4  
Show
View Real Time Build Order
Export as new Build Order

Toperoco Terran 

Build Orders:  

Get SALT Encoding   

  12  0:00  SCV  
  13  0:13  SCV  
  14  0:17  Supply Depot  
  14  0:25  SCV  
  14  0:27  Refinery  
  15  0:39  SCV  
  16  0:44  Barracks  
  16  0:54  SCV  
  17  1:06  SCV  
  18  1:18  SCV  
  19  1:32  Orbital Command, Reaper  
  20  1:45  Command Center  
  20  1:56  Factory  
  20  2:00  SCV  
  21  2:05  Barracks Reactor  
  21  2:12  Refinery, SCV  
  22  2:18  Supply Depot  
  22  2:24  SCV  
  23  2:42  Starport  
  23  2:52  SCV  
  23  2:57  Factory Tech Lab  
  23  3:11  Marine x2  
  23  3:12  SCV  
  26  3:23  Cyclone  
  26  3:24  SCV  
  30  3:31  Marine  
  31  4:07  Command Center  
  31  4:13  Marine, Viking, SCV, Cyclone  
  31  4:16  Supply Depot  
  38  4:25  SCV  
  38  4:29  Barracks  
  39  4:31  Barracks  
  39  4:38  SCV  
  40  4:50  Siege Tank, Marine x2  
  47  4:56  Starport Tech Lab  
  44  5:05  Barracks  
  44  5:06  Orbital Command, Barracks  
  44  5:09  SCV  
  45  5:14  Bunker  
  45  5:21  SCV  
  45  5:22  Raven  
  45  5:23  Barracks Tech Lab  
  45  5:24  Barracks Tech Lab  
  45  5:27  Marine x2  
  50  5:33  SCV  
  51  5:40  SCV  
  52  5:45  Marine x3  
  52  5:46  Combat Shield, Stimpack  
  52  5:49  Marine, Bunker  
  56  5:51  Hellion  
  55  6:22  Marine  
  55  6:23  Marine x3  
  55  6:24  Hellion  
  55  6:25  Viking  
  46  6:40  Marine x2  
  46  6:41  Marine x2  
  46  6:46  Hellion  
  52  6:53  SCV  
  52  6:54  SCV  
  52  6:58  Marine  
  52  6:59  Marauder  
  54  7:02  Marine  
  54  7:03  Marauder  
  54  7:13  SCV x2  
  49  7:25  SCV  
  49  7:26  SCV  
  37  7:37  SCV  
  37  7:38  SCV  
Tags
 
Add a new tag
Caveats
  • Supply blocks, unpowered buildings, or Contaminate may cause inaccurate times.
  • Supply counts are checked every 10 seconds.